Pick #1

Connor Bedard
Pick #2

Leo Carlsson
Pick #3

Adam Fantilli
Pick #4

Matvei Michkov
Pick #5

David Reinbacher
Pick #6

William Smith
Pick #7

Zachary Benson
Pick #8

Ryan Leonard
Pick #9

Gabriel Perreault
Pick #10

Axel Sandin-Pellika
Pick #11

Daniil But
Pick #12

Dalibor Dvorsky
Pick #13

Quentin Musty
Pick #14

Brayden Yager
Pick #15

Dmitry Simashev
Pick #16

Colby Barlow
Pick #17

Andrew Cristall
Pick #18

Easton Cowan
Pick #19

Jacob Fowler
Pick #20

Oliver Moore
Pick #21

Oliver Bonk
Pick #22

Tom Willander
Pick #23

Calum Ritchie
Pick #24

Tanner Molendyk
Pick #25

Gavin Brindley
Pick #26

Nate Danielson
Pick #27

Pick #28

Pick #29

Pick #30

Pick #31

Pick #32

Pick #33

Pick #34

Pick #35

Pick #36

Pick #37

Pick #38

Pick #39

Pick #40

Pick #41

Pick #42

Pick #43

Pick #44

Pick #45

Pick #46

Pick #47

Pick #48

Pick #49

Pick #50

Pick #51

Pick #52

Pick #53

Pick #54

Pick #55

Pick #56

Pick #57

Pick #58

Pick #59

Pick #60

Pick #61

Pick #62

Pick #63

Pick #64

Pick #65

Pick #66

Pick #67

Pick #68

Pick #69

Pick #70

Pick #71

Pick #72

Pick #73

Pick #74

Pick #75

Pick #76

Pick #77

Pick #78

Pick #79

Pick #80

Pick #81

Pick #82

Pick #83

Pick #84

Pick #85

Pick #86

Pick #87

Pick #88

Pick #89

Pick #90

Pick #91

Pick #92

Pick #93

Pick #94

Pick #95

Pick #96

Pick #97

Pick #98

Pick #99

Pick #100

Pick #101

Pick #102

Pick #103

Pick #104

Pick #105

Pick #106

Pick #107

Pick #108

Pick #109

Pick #110

Pick #111

Pick #112

Pick #113

Pick #114

Pick #115

Pick #116

Pick #117

Pick #118

Pick #119

Pick #120

Pick #121

Pick #122

Pick #123

Pick #124

Pick #125

Pick #126

Pick #127

Pick #128

Pick #129

Pick #130

Full Scoreboard »»

Capitals vs Senators

Created - March 13, 2024 at 22:16

Goals
1 2 3 T
Capitals 0 0 1 1
Senators 1 1 1 3
Shots
1 2 3 T
Capitals 7 7 10 24
Senators 13 7 8 28

GoalsPenalties
1st period
1. Senators , Noah Hanifin 6 (Rasmus Andersson 29, Nikita Kucherov 25) at 13:04
No Penalty
2nd period
2. Senators , Luke Glendening 7 (Danton Heinen 4, Pius Suter 15) at 4:49
Christian Dvorak (OTT) for Tripping (Minor) at 0:18
Quinton Byfield (WSH) for Tripping (Minor) at 1:27
Adam Lowry (OTT) for Holding (Minor) at 4:50
Jonas Siegenthaler (WSH) for Holding (Minor) at 7:41
Noah Dobson (WSH) for Holding (Minor) at 16:06
3rd period
3. Capitals , Jonas Siegenthaler 1 (Kevin Labanc 16, Michael Rasmussen 22) at 2:37
4. Senators , Scott Laughton 19 (Adam Lowry 9, Andrew Copp 23) at 11:54
Nikita Kucherov (OTT) for Hooking (Minor) at 12:30
Goalie Stats
Joonas Korpisalo (WSH), 25 saves from 28 shots - (0.893), L, 13-18-1, 60:00 minutes
Semyon Varlamov (OTT), 23 saves from 24 shots - (0.958), W, 18-11-3, 60:00 minutes
3 StarsOfficial
1 - Luke Glendening (OTT)
2 - Noah Hanifin (OTT)
3 - Semyon Varlamov (OTT)
Referees : Beaudry Halkidis and Jake Brenk
Linesman : Matt MacPherson and Tony Sericolo
Game Note
No Game Note
Finance
Level 1 -- Attendance: 6454 (99.29%) -- Ticket Income $774,480
Level 2 -- Attendance: 4784 (95.68%) -- Ticket Income $430,560
Level 3 -- Attendance: 2410 (68.86%) -- Ticket Income $180,750
Level 4 -- Attendance: 1948 (61.78%) -- Ticket Income $97,400
Luxury Box -- Attendance: 748 (74.80%) -- Ticket Income $179,520
Game was played at the Canadian Tire Centre.
Total Attendance: 16344 (85.33%)
Total Ticket Income: $1,662,710
Other Income: $415,678
Total Income: $2,078,388



Team Name Goals Shots Shots Attemp Shots Blocked PIM HIT PP PK FO%
Capitals 1245536180 / 3 (0%)044%
Senators 3285811690 / 3 (0%)056%

Capitals
Player Name POS G A P +/- PIM HIT SHT SB MP PP MP PP SHT PK MP PK SHT FO% FOT
Alex ChiassonRW0000020011:190:0000:0000% 0
Ben HuttonD0000011018:352:5002:4400% 0
Brad HuntD000-1000017:340:0000:0000% 0
Calen AddisonD0000000014:030:0001:0200% 0
Cody CeciD000-1040024:422:1703:1400% 0
David KampfC0000005013:160:0001:07053% 15
Elias PetterssonC0000003011:190:0000:000100% 1
Jonas SiegenthalerD101-1222321:592:5011:3600% 0
Jordan GreenwayLW0001032019:293:0001:26050% 2
Kaapo KakkoRW000-100005:580:0000:000100% 1
Kevin LabancRW0111001018:033:0000:0000% 1
Matias MaccelliLW000-100006:350:0000:3700% 0
Michael RasmussenC0111013019:493:0001:46035% 17
Morgan FrostC000-2012016:360:0000:0000% 1
Noah DobsonD000-1220023:052:1701:3800% 0
Pavel ZachaC000-2024018:432:0710:00041% 22
Quinton ByfieldC000-1201010:182:0602:14040% 10
Tyler JohnsonC000-2000022:372:0703:04067% 3
Senators
Player Name POS G A P +/- PIM HIT SHT SB MP PP MP PP SHT PK MP PK SHT FO% FOT
Adam LowryC0110201114:240:0001:25050% 2
Andrew CoppC0110001018:142:5702:17055% 20
Christian DvorakC0000210011:570:0000:00042% 12
Connor CliftonD0001001118:440:0002:1600% 0
Danton HeinenLW0111000014:180:0000:5500% 1
Erik JohnsonD0000000016:150:0000:0000% 0
Jake WalmanD0001000419:252:5700:0000% 0
Joel Eriksson EkC0001023013:352:1010:00067% 15
K'Andre MillerD0000020221:282:5702:1600% 0
Luke GlendeningC1011022013:230:0000:00067% 12
Matty BeniersC0001002016:222:1012:470100% 1
Nikita KucherovRW0111202013:342:1000:0000% 3
Noah HanifinD1011003022:042:1002:5100% 0
Pius SuterC0111001016:202:5700:0000% 0
Rasmus AnderssonD0111022322:042:1002:5100% 0
Sam GagnerC0000007014:480:0002:50071% 7
Scott LaughtonC1010002015:072:5700:0000% 0
Tomas TatarLW0000001011:580:0000:0000% 0



Play-by-Play

1st period


0:01 of 1st period - Pavel Zacha wins face-off versus Joel Eriksson Ek in neutral zone.
0:30 of 1st period - Shot by Cody Ceci.
0:30 of 1st period - Shot Blocked by Rasmus Andersson.
0:36 of 1st period - Shot by Noah Hanifin.
0:36 of 1st period - Stopped by Joonas Korpisalo without a rebound.
0:37 of 1st period - Andrew Copp wins face-off versus Michael Rasmussen in Capitals zone.
0:46 of 1st period - Andrew Copp is hit by Jordan Greenway and loses puck.
3:27 of 1st period - Shot by Pius Suter.
3:27 of 1st period - Shot Misses the Net.
4:11 of 1st period - Shot by Quinton Byfield.
4:11 of 1st period - Shot Misses the Net.
4:13 of 1st period - Shot by Jonas Siegenthaler.
4:13 of 1st period - Shot Blocked by K'Andre Miller.
4:15 of 1st period - Shot by Quinton Byfield.
4:15 of 1st period - Stopped by Semyon Varlamov without a rebound.
4:16 of 1st period - Andrew Copp wins face-off versus Michael Rasmussen in Senators zone.
4:43 of 1st period - Shot by Adam Lowry.
4:43 of 1st period - Shot Misses the Net.
4:45 of 1st period - Shot by Rasmus Andersson.
4:45 of 1st period - Stopped by Joonas Korpisalo without a rebound.
4:46 of 1st period - Luke Glendening wins face-off versus David Kampf in Capitals zone.
4:53 of 1st period - Shot by Pius Suter.
4:53 of 1st period - Stopped by Joonas Korpisalo without a rebound.
4:54 of 1st period - David Kampf wins face-off versus Danton Heinen in Capitals zone.
5:20 of 1st period - Shot by David Kampf.
5:20 of 1st period - Stopped by Semyon Varlamov with a rebound.
5:22 of 1st period - Shot by David Kampf.
5:22 of 1st period - Stopped by Semyon Varlamov without a rebound.
5:23 of 1st period - Christian Dvorak wins face-off versus Pavel Zacha in Senators zone.
5:39 of 1st period - Shot by Sam Gagner.
5:39 of 1st period - Stopped by Joonas Korpisalo without a rebound.
5:40 of 1st period - Jordan Greenway wins face-off versus Nikita Kucherov in Capitals zone.
6:05 of 1st period - Shot by Michael Rasmussen.
6:05 of 1st period - Stopped by Semyon Varlamov with a rebound.
7:05 of 1st period - Shot by Danton Heinen.
7:05 of 1st period - Shot Misses the Net.
7:07 of 1st period - Shot by Luke Glendening.
7:07 of 1st period - Shot Misses the Net.
7:49 of 1st period - Shot by Andrew Copp.
7:49 of 1st period - Stopped by Joonas Korpisalo without a rebound.
7:50 of 1st period - Christian Dvorak wins face-off versus Quinton Byfield in Capitals zone.
8:17 of 1st period - Shot by Sam Gagner.
8:17 of 1st period - Stopped by Joonas Korpisalo without a rebound.
8:18 of 1st period - David Kampf wins face-off versus Andrew Copp in Capitals zone.
8:31 of 1st period - Shot by Ben Hutton.
8:31 of 1st period - Stopped by Semyon Varlamov without a rebound.
8:32 of 1st period - Michael Rasmussen wins face-off versus Nikita Kucherov in Senators zone.
8:48 of 1st period - Shot by Matty Beniers.
8:48 of 1st period - Shot Misses the Net.
9:04 of 1st period - Shot by Nikita Kucherov.
9:04 of 1st period - Deflect By Joel Eriksson Ek.
9:04 of 1st period - Shot Misses the Net.
9:06 of 1st period - Shot by Matty Beniers.
9:06 of 1st period - Stopped by Joonas Korpisalo without a rebound.
9:07 of 1st period - Christian Dvorak wins face-off versus Pavel Zacha in Capitals zone.
12:03 of 1st period - Icing by Luke Glendening.
12:04 of 1st period - Luke Glendening wins face-off versus Pavel Zacha in Senators zone.
12:10 of 1st period - Off-side.
12:11 of 1st period - Joel Eriksson Ek wins face-off versus Pavel Zacha in neutral zone.
12:22 of 1st period - Shot by Joel Eriksson Ek.
12:22 of 1st period - Stopped by Joonas Korpisalo without a rebound.
12:23 of 1st period - Andrew Copp wins face-off versus Kevin Labanc in Capitals zone.
12:50 of 1st period - Off-side.
12:51 of 1st period - Joel Eriksson Ek wins face-off versus Pavel Zacha in neutral zone.
13:04 of 1st period - Shot by Noah Hanifin.
13:04 of 1st period - Goal by Noah Hanifin - Capitals : 0 - Senators : 1.
13:05 of 1st period - Sam Gagner wins face-off versus David Kampf in neutral zone.
13:05 of 1st period - Sam Gagner is hit by Alex Chiasson.
13:37 of 1st period - Shot by Elias Pettersson.
13:37 of 1st period - Stopped by Semyon Varlamov without a rebound.
13:38 of 1st period - Pavel Zacha wins face-off versus Joel Eriksson Ek in Senators zone.
13:41 of 1st period - Shot by Tyler Johnson.
13:41 of 1st period - Deflect By Pavel Zacha.
13:41 of 1st period - Shot Misses the Net.
14:18 of 1st period - Icing by Noah Hanifin.
14:19 of 1st period - Michael Rasmussen wins face-off versus Joel Eriksson Ek in Senators zone.
15:48 of 1st period - Shot by Scott Laughton.
15:48 of 1st period - Shot Misses the Net.
16:23 of 1st period - Icing by Calen Addison.
16:24 of 1st period - Quinton Byfield wins face-off versus Christian Dvorak in Capitals zone.
16:37 of 1st period - Shot by Sam Gagner.
16:37 of 1st period - Stopped by Joonas Korpisalo with a rebound.
16:39 of 1st period - Shot by Sam Gagner.
16:39 of 1st period - Stopped by Joonas Korpisalo without a rebound.
16:40 of 1st period - Luke Glendening wins face-off versus Tyler Johnson in Capitals zone.
17:56 of 1st period - Shot by Sam Gagner.
17:56 of 1st period - Stopped by Joonas Korpisalo without a rebound.
17:57 of 1st period - Andrew Copp wins face-off versus Michael Rasmussen in Capitals zone.
17:57 of 1st period - Andrew Copp is hit by Cody Ceci.
18:29 of 1st period - Shot by Noah Dobson.
18:29 of 1st period - Shot Misses the Net.
18:31 of 1st period - Shot by Kevin Labanc.
18:31 of 1st period - Shot Misses the Net.
18:33 of 1st period - Shot by Kevin Labanc.
18:33 of 1st period - Shot Blocked by Jake Walman.
18:35 of 1st period - Shot by Kevin Labanc.
18:35 of 1st period - Stopped by Semyon Varlamov without a rebound.
18:36 of 1st period - Christian Dvorak wins face-off versus David Kampf in Senators zone.
18:49 of 1st period - Off-side.
18:50 of 1st period - Quinton Byfield wins face-off versus Nikita Kucherov in neutral zone.
19:09 of 1st period - Shot by Quinton Byfield.
19:09 of 1st period - Shot Misses the Net.
19:11 of 1st period - Shot by Ben Hutton.
19:11 of 1st period - Shot Hit the Post.
19:43 of 1st period - Cody Ceci is hit by Joel Eriksson Ek and loses puck.
19:56 of 1st period - Shot by Christian Dvorak.
19:56 of 1st period - Deflect By Tomas Tatar.
19:56 of 1st period - Stopped by Joonas Korpisalo without a rebound.
19:57 of 1st period - Pavel Zacha wins face-off versus Sam Gagner in Capitals zone.
Goals for this period are 0 for Capitals vs 1 for Senators.
Shots for this period are 7 for Capitals vs 13 for Senators.

2nd period


0:01 of 2nd period - Tyler Johnson wins face-off versus Christian Dvorak in neutral zone.
0:18 of 2nd period - Minor Penalty to Christian Dvorak for Tripping.
0:19 of 2nd period - Sam Gagner wins face-off versus Michael Rasmussen in Senators zone.
0:19 of 2nd period - Matty Beniers is hit by Michael Rasmussen and loses puck.
1:27 of 2nd period - Minor Penalty to Quinton Byfield for Tripping.
1:28 of 2nd period - David Kampf wins face-off versus Andrew Copp in Capitals zone.
1:57 of 2nd period - Shot by Adam Lowry.
1:57 of 2nd period - Stopped by Joonas Korpisalo without a rebound.
1:58 of 2nd period - Tyler Johnson wins face-off versus Andrew Copp in Capitals zone.
2:00 of 2nd period - Icing by Noah Dobson.
2:01 of 2nd period - Adam Lowry wins face-off versus David Kampf in Capitals zone.
2:36 of 2nd period - Shot by Joel Eriksson Ek.
2:36 of 2nd period - Stopped by Joonas Korpisalo without a rebound.
2:37 of 2nd period - Andrew Copp wins face-off versus David Kampf in Capitals zone.
3:09 of 2nd period - Icing by Andrew Copp.
3:10 of 2nd period - David Kampf wins face-off versus Andrew Copp in Senators zone.
4:01 of 2nd period - Shot by Michael Rasmussen.
4:01 of 2nd period - Shot Misses the Net.
4:03 of 2nd period - Shot by Jordan Greenway.
4:03 of 2nd period - Stopped by Semyon Varlamov without a rebound.
4:04 of 2nd period - Joel Eriksson Ek wins face-off versus Quinton Byfield in Senators zone.
4:10 of 2nd period - Off-side.
4:11 of 2nd period - Kaapo Kakko wins face-off versus Luke Glendening in neutral zone.
4:49 of 2nd period - Shot by Luke Glendening.
4:49 of 2nd period - Goal by Luke Glendening - Capitals : 0 - Senators : 2.
4:50 of 2nd period - Pavel Zacha wins face-off versus Andrew Copp in neutral zone.
4:50 of 2nd period - Minor Penalty to Adam Lowry for Holding.
4:51 of 2nd period - Sam Gagner wins face-off versus Michael Rasmussen in Senators zone.
6:11 of 2nd period - Shot by Pavel Zacha.
6:11 of 2nd period - Stopped by Semyon Varlamov with a rebound.
6:37 of 2nd period - Shot by Jonas Siegenthaler.
6:37 of 2nd period - Shot Misses the Net.
6:39 of 2nd period - Shot by Jonas Siegenthaler.
6:39 of 2nd period - Stopped by Semyon Varlamov without a rebound.
6:40 of 2nd period - Sam Gagner wins face-off versus Jordan Greenway in Senators zone.
7:41 of 2nd period - Minor Penalty to Jonas Siegenthaler for Holding.
7:42 of 2nd period - Quinton Byfield wins face-off versus Joel Eriksson Ek in Capitals zone.
8:00 of 2nd period - Icing by Nikita Kucherov.
8:01 of 2nd period - Joel Eriksson Ek wins face-off versus Quinton Byfield in Senators zone.
8:34 of 2nd period - Shot by Noah Hanifin.
8:34 of 2nd period - Shot Misses the Net.
8:36 of 2nd period - Shot by Matty Beniers.
8:36 of 2nd period - Stopped by Joonas Korpisalo without a rebound.
8:37 of 2nd period - Andrew Copp wins face-off versus Michael Rasmussen in Capitals zone.
8:52 of 2nd period - Shot by Pius Suter.
8:52 of 2nd period - Deflect By Andrew Copp.
8:52 of 2nd period - Shot Misses the Net.
9:45 of 2nd period - Rasmus Andersson is hit by Alex Chiasson and loses puck.
9:49 of 2nd period - Rasmus Andersson is hit by Jonas Siegenthaler and loses puck.
10:10 of 2nd period - Shot by Christian Dvorak.
10:10 of 2nd period - Shot Misses the Net.
10:12 of 2nd period - Shot by Tomas Tatar.
10:12 of 2nd period - Shot Misses the Net.
10:14 of 2nd period - Shot by Rasmus Andersson.
10:14 of 2nd period - Shot Blocked by Jonas Siegenthaler.
10:16 of 2nd period - Shot by Noah Hanifin.
10:16 of 2nd period - Shot Blocked by Jonas Siegenthaler.
10:43 of 2nd period - Off-side.
10:44 of 2nd period - Luke Glendening wins face-off versus Michael Rasmussen in neutral zone.
11:18 of 2nd period - Shot by Pius Suter.
11:18 of 2nd period - Shot Misses the Net.
11:38 of 2nd period - Shot by Joel Eriksson Ek.
11:38 of 2nd period - Deflect By Matty Beniers.
11:38 of 2nd period - Shot Misses the Net.
11:40 of 2nd period - Shot by Joel Eriksson Ek.
11:40 of 2nd period - Stopped by Joonas Korpisalo without a rebound.
11:41 of 2nd period - Pavel Zacha wins face-off versus Andrew Copp in Capitals zone.
12:55 of 2nd period - Shot by Elias Pettersson.
12:55 of 2nd period - Shot Misses the Net.
13:06 of 2nd period - Alex Chiasson is hit by K'Andre Miller and loses puck.
13:11 of 2nd period - Shot by Elias Pettersson.
13:11 of 2nd period - Shot Blocked by K'Andre Miller.
13:52 of 2nd period - Danton Heinen is hit by Jordan Greenway and loses puck.
14:03 of 2nd period - Shot by Danton Heinen.
14:03 of 2nd period - Shot Misses the Net.
14:05 of 2nd period - Shot by Danton Heinen.
14:05 of 2nd period - Shot Misses the Net.
14:36 of 2nd period - Tyler Johnson is hit by Rasmus Andersson and loses puck.
14:40 of 2nd period - Morgan Frost is hit by Rasmus Andersson and loses puck.
14:43 of 2nd period - Shot by Morgan Frost.
14:43 of 2nd period - Shot Misses the Net.
14:45 of 2nd period - Shot by Tyler Johnson.
14:45 of 2nd period - Shot Blocked by Rasmus Andersson.
14:47 of 2nd period - Shot by Morgan Frost.
14:47 of 2nd period - Stopped by Semyon Varlamov with a rebound.
14:53 of 2nd period - Shot by Tyler Johnson.
14:53 of 2nd period - Shot Misses the Net.
14:55 of 2nd period - Shot by Tyler Johnson.
14:55 of 2nd period - Shot Misses the Net.
14:57 of 2nd period - Shot by Morgan Frost.
14:57 of 2nd period - Shot Misses the Net.
14:59 of 2nd period - Shot by Tyler Johnson.
14:59 of 2nd period - Shot Blocked by Rasmus Andersson.
15:01 of 2nd period - Shot by Noah Dobson.
15:01 of 2nd period - Shot Misses the Net.
15:03 of 2nd period - Shot by Morgan Frost.
15:03 of 2nd period - Deflect By Pavel Zacha.
15:03 of 2nd period - Stopped by Semyon Varlamov without a rebound.
15:04 of 2nd period - Andrew Copp wins face-off versus David Kampf in Senators zone.
15:38 of 2nd period - Shot by David Kampf.
15:38 of 2nd period - Stopped by Semyon Varlamov without a rebound.
15:39 of 2nd period - Quinton Byfield wins face-off versus Luke Glendening in Senators zone.
15:55 of 2nd period - Pius Suter is hit by Cody Ceci and loses puck.
16:01 of 2nd period - Icing by Cody Ceci.
16:02 of 2nd period - Christian Dvorak wins face-off versus Quinton Byfield in Capitals zone.
16:06 of 2nd period - Minor Penalty to Noah Dobson for Holding.
16:07 of 2nd period - Joel Eriksson Ek wins face-off versus Quinton Byfield in Capitals zone.
16:07 of 2nd period - Joel Eriksson Ek is hit by Jonas Siegenthaler.
16:10 of 2nd period - Nikita Kucherov is hit by Ben Hutton.
16:30 of 2nd period - Shot by Nikita Kucherov.
16:30 of 2nd period - Shot Blocked by Jonas Siegenthaler.
17:21 of 2nd period - Shot by David Kampf.
17:21 of 2nd period - Shot Blocked by Jake Walman.
18:12 of 2nd period - Shot by Rasmus Andersson.
18:12 of 2nd period - Stopped by Joonas Korpisalo with a rebound.
18:22 of 2nd period - Shot by Elias Pettersson.
18:22 of 2nd period - Deflect By David Kampf.
18:22 of 2nd period - Shot Misses the Net.
18:38 of 2nd period - Shot by David Kampf.
18:38 of 2nd period - Shot Misses the Net.
19:11 of 2nd period - Shot by Michael Rasmussen.
19:11 of 2nd period - Stopped by Semyon Varlamov without a rebound.
19:12 of 2nd period - Joel Eriksson Ek wins face-off versus Pavel Zacha in Senators zone.
19:21 of 2nd period - Shot by Nikita Kucherov.
19:21 of 2nd period - Stopped by Joonas Korpisalo without a rebound.
19:22 of 2nd period - Joel Eriksson Ek wins face-off versus Pavel Zacha in Capitals zone.
Goals for this period are 0 for Capitals vs 1 for Senators.
Shots for this period are 7 for Capitals vs 7 for Senators.

3rd period


0:01 of 3rd period - Andrew Copp wins face-off versus Morgan Frost in neutral zone.
0:25 of 3rd period - Icing by Adam Lowry.
0:26 of 3rd period - Andrew Copp wins face-off versus Michael Rasmussen in Senators zone.
0:52 of 3rd period - Shot by Scott Laughton.
0:52 of 3rd period - Stopped by Joonas Korpisalo without a rebound.
0:53 of 3rd period - Luke Glendening wins face-off versus Pavel Zacha in Capitals zone.
0:58 of 3rd period - Shot by Danton Heinen.
0:58 of 3rd period - Shot Misses the Net.
1:32 of 3rd period - Shot by Tyler Johnson.
1:32 of 3rd period - Shot Blocked by Jake Walman.
2:00 of 3rd period - Icing by Connor Clifton.
2:01 of 3rd period - David Kampf wins face-off versus Luke Glendening in Senators zone.
2:08 of 3rd period - Shot by David Kampf.
2:08 of 3rd period - Stopped by Semyon Varlamov without a rebound.
2:09 of 3rd period - Andrew Copp wins face-off versus Michael Rasmussen in Senators zone.
2:09 of 3rd period - Andrew Copp is hit by Jordan Greenway.
2:35 of 3rd period - Shot by Kevin Labanc.
2:35 of 3rd period - Shot Misses the Net.
2:37 of 3rd period - Shot by Jonas Siegenthaler.
2:37 of 3rd period - Goal by Jonas Siegenthaler - Capitals : 1 - Senators : 2.
2:38 of 3rd period - Pavel Zacha wins face-off versus Sam Gagner in neutral zone.
2:43 of 3rd period - Shot by Pavel Zacha.
2:43 of 3rd period - Stopped by Semyon Varlamov without a rebound.
2:44 of 3rd period - Pavel Zacha wins face-off versus Christian Dvorak in Senators zone.
2:48 of 3rd period - Icing by Rasmus Andersson.
2:49 of 3rd period - Pavel Zacha wins face-off versus Christian Dvorak in Senators zone.
3:20 of 3rd period - Shot by Christian Dvorak.
3:20 of 3rd period - Deflect By Tomas Tatar.
3:20 of 3rd period - Shot Misses the Net.
3:22 of 3rd period - Shot by Sam Gagner.
3:22 of 3rd period - Stopped by Joonas Korpisalo with a rebound.
4:16 of 3rd period - Shot by Jordan Greenway.
4:16 of 3rd period - Shot Misses the Net.
4:28 of 3rd period - Shot by Michael Rasmussen.
4:28 of 3rd period - Stopped by Semyon Varlamov with a rebound.
5:46 of 3rd period - Off-side.
5:47 of 3rd period - Luke Glendening wins face-off versus Pavel Zacha in neutral zone.
6:09 of 3rd period - Off-side.
6:10 of 3rd period - Michael Rasmussen wins face-off versus Christian Dvorak in neutral zone.
6:42 of 3rd period - Tomas Tatar is hit by Cody Ceci and loses puck.
6:48 of 3rd period - Christian Dvorak is hit by Noah Dobson and loses puck.
7:30 of 3rd period - Shot by Pavel Zacha.
7:30 of 3rd period - Stopped by Semyon Varlamov without a rebound.
7:31 of 3rd period - David Kampf wins face-off versus Joel Eriksson Ek in Senators zone.
7:44 of 3rd period - Shot by Alex Chiasson.
7:44 of 3rd period - Shot Blocked by Jake Walman.
7:46 of 3rd period - Shot by Elias Pettersson.
7:46 of 3rd period - Stopped by Semyon Varlamov without a rebound.
7:47 of 3rd period - Andrew Copp wins face-off versus Pavel Zacha in Senators zone.
8:23 of 3rd period - Icing by Jonas Siegenthaler.
8:24 of 3rd period - Joel Eriksson Ek wins face-off versus Pavel Zacha in Capitals zone.
8:42 of 3rd period - Erik Johnson is hit by Morgan Frost and loses puck.
9:34 of 3rd period - Luke Glendening is hit by Noah Dobson and loses puck.
11:26 of 3rd period - Shot by Tomas Tatar.
11:26 of 3rd period - Shot Misses the Net.
11:28 of 3rd period - Shot by Sam Gagner.
11:28 of 3rd period - Shot Misses the Net.
11:52 of 3rd period - Shot by Adam Lowry.
11:52 of 3rd period - Shot Misses the Net.
11:54 of 3rd period - Shot by Scott Laughton.
11:54 of 3rd period - Goal by Scott Laughton - Capitals : 1 - Senators : 3.
11:55 of 3rd period - Joel Eriksson Ek wins face-off versus Quinton Byfield in neutral zone.
11:58 of 3rd period - Matias Maccelli is hit by Joel Eriksson Ek and loses puck.
12:11 of 3rd period - Shot by Matty Beniers.
12:11 of 3rd period - Shot Misses the Net.
12:30 of 3rd period - Minor Penalty to Nikita Kucherov for Hooking.
12:31 of 3rd period - Sam Gagner wins face-off versus Michael Rasmussen in Senators zone.
13:09 of 3rd period - Shot by Kevin Labanc.
13:09 of 3rd period - Shot Blocked by Connor Clifton.
14:06 of 3rd period - Rasmus Andersson is hit by Pavel Zacha and loses puck.
14:16 of 3rd period - Icing by Tyler Johnson.
14:17 of 3rd period - Matty Beniers wins face-off versus Pavel Zacha in Capitals zone.
14:30 of 3rd period - Shot by Matty Beniers.
14:30 of 3rd period - Shot Misses the Net.
14:32 of 3rd period - Shot by Luke Glendening.
14:32 of 3rd period - Stopped by Joonas Korpisalo without a rebound.
14:33 of 3rd period - Michael Rasmussen wins face-off versus Luke Glendening in Capitals zone.
14:33 of 3rd period - Michael Rasmussen is hit by Luke Glendening.
14:45 of 3rd period - Shot by Jordan Greenway.
14:45 of 3rd period - Shot Misses the Net.
14:47 of 3rd period - Shot by Jordan Greenway.
14:47 of 3rd period - Stopped by Semyon Varlamov without a rebound.
14:48 of 3rd period - David Kampf wins face-off versus Andrew Copp in Senators zone.
14:55 of 3rd period - Shot by Elias Pettersson.
14:55 of 3rd period - Stopped by Semyon Varlamov without a rebound.
14:56 of 3rd period - Michael Rasmussen wins face-off versus Andrew Copp in Senators zone.
15:15 of 3rd period - Shot by Scott Laughton.
15:15 of 3rd period - Shot Misses the Net.
15:26 of 3rd period - Icing by K'Andre Miller.
15:27 of 3rd period - David Kampf wins face-off versus Andrew Copp in Senators zone.
15:43 of 3rd period - Elias Pettersson is hit by K'Andre Miller.
16:03 of 3rd period - Shot by Elias Pettersson.
16:03 of 3rd period - Shot Blocked by Adam Lowry.
16:05 of 3rd period - Shot by David Kampf.
16:05 of 3rd period - Stopped by Semyon Varlamov without a rebound.
16:06 of 3rd period - Pavel Zacha wins face-off versus Christian Dvorak in Senators zone.
16:19 of 3rd period - Shot by Sam Gagner.
16:19 of 3rd period - Shot Misses the Net.
16:21 of 3rd period - Shot by Tomas Tatar.
16:21 of 3rd period - Shot Misses the Net.
16:23 of 3rd period - Shot by Christian Dvorak.
16:23 of 3rd period - Deflect By Sam Gagner.
16:23 of 3rd period - Stopped by Joonas Korpisalo with a rebound.
16:25 of 3rd period - Shot by Connor Clifton.
16:25 of 3rd period - Stopped by Joonas Korpisalo without a rebound.
16:26 of 3rd period - Luke Glendening wins face-off versus Michael Rasmussen in Capitals zone.
16:39 of 3rd period - Shot by Pius Suter.
16:39 of 3rd period - Shot Misses the Net.
16:41 of 3rd period - Shot by Noah Hanifin.
16:41 of 3rd period - Stopped by Joonas Korpisalo with a rebound.
17:03 of 3rd period - Shot by Luke Glendening.
17:03 of 3rd period - Shot Misses the Net.
17:18 of 3rd period - Icing by Michael Rasmussen.
17:19 of 3rd period - Michael Rasmussen wins face-off versus Christian Dvorak in Capitals zone.
17:19 of 3rd period - Michael Rasmussen is hit by Christian Dvorak.
18:06 of 3rd period - Shot by Pavel Zacha.
18:06 of 3rd period - Deflect By Morgan Frost.
18:06 of 3rd period - Stopped by Semyon Varlamov without a rebound.
18:07 of 3rd period - Elias Pettersson wins face-off versus Adam Lowry in Senators zone.
18:35 of 3rd period - Icing by David Kampf.
18:36 of 3rd period - Joel Eriksson Ek wins face-off versus David Kampf in Capitals zone.
18:45 of 3rd period - Shot by Nikita Kucherov.
18:45 of 3rd period - Stopped by Joonas Korpisalo without a rebound.
18:46 of 3rd period - Luke Glendening wins face-off versus Pavel Zacha in Capitals zone.
18:46 of 3rd period - Connor Clifton is hit by Cody Ceci and loses puck.
19:02 of 3rd period - Luke Glendening is hit by Pavel Zacha and loses puck.
19:07 of 3rd period - Shot by Tyler Johnson.
19:07 of 3rd period - Shot Misses the Net.
19:40 of 3rd period - Cody Ceci is hit by Luke Glendening and loses puck.
Goals for this period are 1 for Capitals vs 1 for Senators.
Shots for this period are 10 for Capitals vs 8 for Senators.